 Dungeon Crawl Stone Soup version 0.24-a0-429-g4608c8fa30 (webtiles) character file.

Game seed: 16300183358323796661

103 Amnesiac the Charmwright (level 4, -1/33 HPs)
             Began as a Merfolk Skald on June 13, 2019.
             Killed from afar by Sigmund (6 damage)
             ... with a puff of flame
             ... on level 2 of the Dungeon.
             The game lasted 00:05:19 (2195 turns).

Amnesiac the Charmwright (Merfolk Skald)            Turns: 2195, Time: 00:05:20

Health: -1/33      AC:  4    Str: 16    XL:     4   Next: 79%
Magic:  7/7        EV: 12    Int: 12    God:
Gold:   93         SH:  0    Dex: 14    Spells: 3/7 levels left

rFire    . . .     SeeInvis .   a - +0 spear
rCold    . . .     Gourm    .   (no shield)
rNeg     . . .     Faith    .   b - +0 leather armour
rPois    .         Spirit   .   (no helmet)
rElec    .         Reflect  .   m - +0 cloak {+Inv}
rCorr    .         Harm     .   (no gloves)
MR       .....                  (no boots)
Stlth    +.........             (no amulet)
HPRegen  0.11/turn              l - +5 ring of strength
MPRegen  0.10/turn              (no ring)

@: no status effects
A: change form in water, swift swim, stealthy swim
a: Evoke Invisibility


You were on level 2 of the Dungeon.
You were not hungry.

You visited 1 branch of the dungeon, and saw 2 of its levels.

You collected 93 gold pieces.

Inventory:

Hand Weapons
 a - a +0 spear (weapon)
Armour
 b - a +0 leather armour (worn)
 m - a +0 cloak of invisibility (worn)
Jewellery
 l - a +5 ring of strength (left hand)
Scrolls
 e - a scroll of fog {!r, unknown}
 g - a scroll of identify {!r, unknown}
 i - a scroll of magic mapping {!r, unknown}
 j - a scroll of remove curse {!r, unknown}
 k - a scroll of teleportation {!r, unknown}
Comestibles
 d - a ration
 f - 2 chunks of flesh


   Skills:
 - Level 2.1 Fighting
 * Level 3.0 Polearms
 - Level 0.6 Armour
 - Level 2.6 Dodging
 - Level 2.0 Spellcasting
 + Level 3.1 Hexes
 - Level 4.5 Charms


You had 3 spell levels left.
You knew the following spells:

 Your Spells              Type           Power        Failure   Level  Hunger
a - Infusion              Chrm           ##..         5%          1    ##.....
e - Spectral Weapon       Hex/Chrm       ##......     21%         3    ####...

Your spell library contained the following spells:

 Spells                   Type           Power        Failure   Level  Hunger
 Song of Slaying          Chrm           ##......     8%          2    ###....
 Shroud of Golubria       Chrm/Tloc      #.....       21%         2    ###....
 Regeneration             Chrm/Necr      #.........   36%         3    ####...


Dungeon Overview and Level Annotations

Branches:
Dungeon (2/15)

Altars:
Vehumet
Wu Jian

Annotations:
D:2 Sigmund


Message History

You draw out your weapon's spirit!
Attack whom?
Press: ? - help, Dir - move target cursor, f - Sigmund
Aim: Sigmund, wielding a +7 scythe and wearing a +0 robe You reach to attack!
You hit Sigmund.
Sigmund is lightly wounded.
Sigmund gestures wildly while chanting.
Sigmund flickers and vanishes!
Deactivating autopickup; reactivate with Ctrl-A.
Something hits you!
You closely miss something. You barely miss something. Something hits you.
Okay, then.
You hit something. Something hits you.
You closely miss something. You hit something. Something hits you.
* * * LOW HITPOINT WARNING * * *
You swap places.
Something hits you.
* * * LOW HITPOINT WARNING * * *
You feel your bond with your spectral weapon wane.
You swing at nothing.
Casting: Spectral Weapon (safe; 21% risk of failure)
Confirm with . or Enter, or press ? or * to list all spells.
You draw out your weapon's spirit!
Something hits your spectral weapon.
Your spectral weapon shares its damage with you!
* * * LOW HITPOINT WARNING * * *
Some of the chunks of flesh in your inventory have rotted away.
Really quaff
h - a murky dark potion {!q}?
It was a potion of heal wounds {!q}.
You feel much better.
You swap places.
Sigmund casts a spell.
Sigmund flickers and vanishes!
You closely miss something. Something hits you.
You hit something.
You hear some strange, mumbled words.
You are confused.
You closely miss something. Something hits you!
* * * LOW HITPOINT WARNING * * *
You barely miss something.
Unknown command.
You bump into the rock wall.
You hear some strange, mumbled words.
A magic dart appears from out of thin air!
The magic dart hits you.
* * * LOW HITPOINT WARNING * * *
Something hits you!
* * * LOW HITPOINT WARNING * * *
Really quaff
c - a smoky emerald potion {!q}?
It was a potion of curing {!q}.
You feel better. Something hits you!
* * * LOW HITPOINT WARNING * * *
A puff of flame appears from out of thin air!
The puff of flame hits your spectral weapon.
Your spectral weapon resists.
Your spectral weapon shares its damage with you!
* * * LOW HITPOINT WARNING * * *
Your spectral weapon fades away.
You are confused.
There is an open door here.
You're too confused to move!
You feel less confused.
A puff of flame appears from out of thin air!
The puff of flame hits you.
You die...

#.##### ##...## # ##.#####
##.## ### ##......# #.# #..
#...###.# #.# #.. #.#.# #.#
##'## #.. #...###.#
##..<##########. ##......#
##............... #.##.###
##.....#######..#.
#.#...####@.....# ### #.>..
####>.......'......#######....
#........####........'_'.....#
#.##....## ##.....###'###..##
#.####.## ##....# #.# #.###
#.# #.# ##...###.###....
#.####.# ##'..........##
#......# #.##.#####.##
######.######## #....# #.#


There were no monsters in sight!

Vanquished Creatures
  Crazy Yiuf (D:2)
  Terence (D:2)
  A hound skeleton (D:2)
  An ooze (D:2)
  A worm (D:2)
  A bat (D:1)
  2 giant cockroaches
  4 goblins
  7 hobgoblins
  2 jackals (D:2)
  A quokka (D:2)
  2 frilled lizards (D:1)
  2 kobolds (D:1)
  3 rats
29 creatures vanquished.

Vanquished Creatures (others)
  An adder (D:2)
  A kobold (D:2)
2 creatures vanquished.

Grand Total: 31 creatures vanquished

Notes
Turn   | Place    | Note
-------+----------+-------------------------------------------
     0 | D:1      | Amnesiac the Merfolk Skald began the quest for the Orb.
     0 | D:1      | Reached XP level 1. HP: 16/16 MP: 3/3
    94 | D:2      | Found a radiant altar of Vehumet.
   100 | D:2      | Noticed Terence
   170 | D:2      | Reached XP level 2. HP: 3/22 MP: 0/5
   480 | D:1      | Reached skill level 4 in Charms
   746 | D:2      | Found an ornate altar of the Wu Jian Council.
   762 | D:2      | Noticed Sigmund
   885 | D:2      | Reached XP level 3. HP: 27/27 MP: 6/6
   890 | D:2      | Learned a level 3 spell: Spectral Weapon
  1125 | D:2      | Reached skill level 1 in Hexes
  1646 | D:2      | Killed Terence
  1646 | D:2      | Reached XP level 4. HP: 6/33 MP: 4/7
  1982 | D:2      | Found a runed translucent door.
  1984 | D:2      | Noticed Crazy Yiuf
  1995 | D:2      | Killed Crazy Yiuf
  2170 | D:2      | HP: 1/33 [something (13)]
  2195 | D:2      | Killed from afar by Sigmund

Levels and vault maps discovered:
D:1:      dpeg_arrival_rooms_c, layout_loops_corners
D:2:      minmay_inner_zag, layout_loops_corners, lemuel_doored_altar,
          fiery_altar_vehumet, first_ration, uniq_crazy_yiuf_cottage,
          uniq_sigmund, uniq_terence

Skill      XL: |  1  2  3  4 |
---------------+-------------+-----
Charms         | 4 |  4.5
Hexes          | 2 3 |  3.1
Fighting       | |  2.1
Polearms       | |  3.0
Armour         | |  0.6
Dodging        | |  2.6
Spellcasting   | |  2.0

Action                   |  1- 3 |  4- 6 || total
-------------------------+-------+-------++-------
Melee: Spear             |   136 |    20 ||   156
 Cast: Infusion          |     3 |       ||     3
       Spectral Weapon   |     1 |     3 ||     4
  Use: Potion            |       |     2 ||     2
 Stab: Sleeping          |     1 |       ||     1
  Eat: Ration            |     1 |       ||     1
       Chunk             |       |     1 ||     1
Armor: Leather armour    |    14 |       ||    14
Dodge: Dodged            |    73 |     4 ||    77

Table legend:
 A = Non-vault XP
 B = Vault XP
 C = Vault XP percentage of total XP
 D = Non-vault monster count
 E = Vault monster count
 F = Vault count percentage of total count
                 A         B        C        D         E       F
            +---------+---------+-------+---------+---------+-------
      Total |      54 |      94 |  63.5 |      22 |       7 |  24.1
            +---------+---------+-------+---------+---------+-------
        D:1 |      21 |       0 |   0.0 |      13 |       0 |   0.0
        D:2 |      33 |      94 |  74.0 |       9 |       7 |  43.8
            +---------+---------+-------+---------+---------+-------
